 Dungeon Crawl Stone Soup version 0.20-a0-366-g03f3333 (webtiles) character file.

5488 TheGoonsmith the Basher (level 10, -3/50 HPs)
             Began as a Vine Stalker Fighter on Dec 27, 2016.
             Was a Priest of Hepliaklqana.
             Killed from afar by a deep elf mage (19 damage)
             ... with a bolt of lightning
             ... on level 8 of the Dungeon.
             The game lasted 00:17:44 (6545 turns).

TheGoonsmith the Basher (Vine Stalker Fighter)      Turns: 6545, Time: 00:17:45

Health: -3/50      AC:  7    Str: 22    XL:     10   Next: 69%
Magic:  0/11       EV:  6    Int:  8    God:    Hepliaklqana [***...]
Gold:   313        SH: 12    Dex: 14    Spells: 9/9 levels left

rFire  + . .     SeeInvis .     e - +1 whip (venom)
rCold  . . .     Gourm    .     w - -1 chain mail (curse)
rNeg   . . .     Faith    +     c - +1 shield
rPois  .         Spirit   +     (no helmet)
rElec  .         Reflect  .     (no cloak)
rCorr  .         Harm     .     (no gloves)
MR     +....                    (no boots)
Stlth  ..........               g - amulet of faith
                                y - ring of protection from fire
                                (no ring)

@: no status effects
A: reduced essence, fangs 3, regeneration 1, magic shield, antimagic bite, no
potion heal 3, rot immunity
a: Recall Ancestor, Ancestor Identity, Transference, Renounce Religion


You were on level 8 of the Dungeon.
You worshipped Hepliaklqana.
Hepliaklqana was most pleased with you.
You were not hungry.

You visited 2 branches of the dungeon, and saw 9 of its levels.
You also visited: Sewer.

You collected 313 gold pieces.

Inventory:

Hand Weapons
 a - a +0 rapier
 d - a +2 dagger of venom
 e - a +1 whip of venom (weapon)
 E - a +0 blowgun
Missiles
 j - 2 throwing nets (quivered)
 m - 70 poisoned needles
 D - 4 curare-tipped needles
 W - 4 tomahawks
Armour
 b - a +0 scale mail
 c - a +1 shield (worn)
 k - a +0 buckler
 p - a +0 ring mail
 w - a cursed -1 chain mail (worn)
 A - a +0 pair of boots of running
 B - a +2 pair of gloves
Rods
 N - a +0 rod of shadows (14/14)
   (You found it on level 7 of the Dungeon)
Jewellery
 g - an amulet of faith (around neck)
 x - an uncursed ring of ice
 y - a ring of protection from fire (right hand)
 K - a +4 ring of intelligence {unknown}
 O - an uncursed amulet of harm {unknown}
Wands
 t - a wand of flame (26/48)
 v - a wand of lightning (8/15)
 L - a wand of slowing (43/48)
Scrolls
 l - 2 scrolls of fear
 r - 3 scrolls of identify
 s - a scroll of magic mapping {unknown}
 z - 2 scrolls of enchant weapon {unknown}
 M - 3 scrolls of immolation {unknown}
 P - a scroll of brand weapon {unknown}
 R - a scroll of remove curse
 S - a scroll of amnesia
 U - 2 scrolls of blinking {unknown}
Potions
 h - 7 potions of curing
 n - a potion of cancellation
 o - 4 potions of lignification
 u - a potion of brilliance
 C - 3 potions of flight {unknown}
 F - 3 potions of agility {unknown}
 G - 2 potions of might
 H - 2 potions of heal wounds {unknown}
 I - 2 potions of mutation {unknown}
Books
 J - a book of Flames

   Spells                             Type                      Level
   a - Flame Tongue                   Conjuration/Fire             1
   b - Throw Flame                    Conjuration/Fire             2
   c - Conjure Flame                  Conjuration/Fire             3
   d - Inner Flame                    Hexes/Fire                   3
   e - Sticky Flame                   Conjuration/Fire             4
   f - Fireball                       Conjuration/Fire             5
Comestibles
 f - 10 bread rations
 i - 3 beef jerkies
 q - 6 meat rations
 Q - 7 slices of pizza
 T - 6 fruits


   Skills:
 + Level 7.8 Fighting
 - Level 2.0 Short Blades
 * Level 10.0 Maces & Flails
 - Level 2.4 Armour
 + Level 7.7 Shields


You had 9 spell levels left.
You didn't know any spells.

Dungeon Overview and Level Annotations

Branches:
Dungeon (8/15)             Temple (1/1) D:4
   Lair: D:8-11

Altars:
Ashenzari
Cheibriados
Dithmenos
Elyvilon
Fedhas
Hepliaklqana
Kikubaaqudgha
Makhleb
Nemelex Xobeh
Qazlal
Ru
Trog
Uskayaw
Vehumet
Xom
Yredelemnul
Zin
The Shining One

Shops:
D:4 (

Annotations:
D:5 ultrashaft's ghost, novice DDFi


Innate Abilities, Weirdness & Mutations

You have razor-sharp teeth.
Your natural rate of healing is unusually fast.
When hurt, damage is shared between your health and your magic reserves.
Your bite disrupts and absorbs the magic of your enemies.
Potions cannot restore your health.
You are immune to rotting.
Your life essence is reduced. (-10% HP)


Message History

Things that are here:
a shortbow; 8 arrows; a centaur skeleton
There is a stone staircase leading down here.
You swap places.
You see here a flail.
There is a stone staircase leading down here.
Key pressed, stopping explore.
Eating a chunk of flesh.
You start eating the chunk of flesh.
You are feeling hungry.
This raw flesh tastes terrible.
You open the door.
Found a sacrificial altar of Ru.
A deep elf mage comes into view. It is wielding a long sword.
The deep elf mage shouts!
There is an open door here.
The deep elf mage gestures at you while chanting.
The bolt of lightning hits you!
Ouch! That really hurt!
The bolt of lightning hits you!
You die...

...# #.# ######## ##.#
##.## #.#####...##
#..........#
#######....###########
##.#..)))....(.###########
#......#####......)##...#
###...R#...#........(((((
#..8.'@e.##########...#
##...#...# ##### #...#####
#####


You could see the friendly Lucius the battlemage and a deep elf mage.

Vanquished Creatures
  Pikel (D:6)
  A cyclops (D:8)
  Sigmund (D:3)
  A human (D:7)
  3 hogs (D:7)
  A water moccasin (D:8)
  A sky beast (D:8)
  A slave (D:6)
  2 centaurs
  4 ogres
  A phantom (D:6)
  A big kobold (Sewer)
  A bullfrog (D:8)
  4 scorpions
  2 wights (D:7)
  A howler monkey (D:6)
  3 crimson imps
  A centaur zombie (D:6)
  3 hounds
  3 jellies
  3 orc priests
  A bullfrog skeleton (D:4)
  5 orc wizards
  2 worker ants
  3 iguanas
  A worker ant zombie (D:7)
  5 gnolls
  7 adders
  7 river rats
  A shadow imp (D:5)
  5 worms
  4 dart slugs
  5 leopard geckos
  15 orcs
  A giant cockroach (D:2)
  11 goblins
  5 hobgoblins
  23 jackals
  24 kobolds
  3 quokkas
  5 ball pythons
  8 bats
  4 frilled lizards
  18 rats
202 creatures vanquished.

Vanquished Creatures (collateral kills)
  Grinder (D:3)
  Prince Ribbit (D:8)
  A hog (D:7)
  2 orc warriors
  2 black bears
  An ogre (D:6)
  A centaur (D:8)
  A bullfrog (D:6)
  2 wights (D:7)
  2 crimson imps
  6 orc priests
  2 orc wizards
  2 worker ants
  2 adders (Sewer)
  3 river rats
  A shadow imp (D:8)
  5 orcs (D:6)
  A ball python (Sewer)
  A hobgoblin (D:3)
  2 jackals
  A quokka (D:7)
  A frilled lizard (D:3)
  A leopard gecko skeleton (D:6)
  10 rats
52 creatures vanquished.

Vanquished Creatures (others)
  An orc priest (D:7)
  5 battlemagi
  An orc (D:7)
7 creatures vanquished.

Grand Total: 261 creatures vanquished

Notes
Turn   | Place    | Note
-------+----------+-------------------------------------------
     0 | D:1      | TheGoonsmith the Vine Stalker Fighter began the quest for the Orb.
     0 | D:1      | Reached XP level 1. HP: 11/11 MP: 2/2
   127 | D:1      | Reached XP level 2. HP: 12/16 MP: 3/3
   486 | D:1      | Reached skill level 1 in Maces & Flails
   526 | D:1      | Reached XP level 3. HP: 15/19 MP: 4/4
  1026 | D:2      | Gained mutation: Your natural rate of healing is unusually fast. [Vine Stalker growth]
  1026 | D:2      | Reached XP level 4. HP: 23/24 MP: 5/5
  1033 | D:2      | Reached skill level 2 in Maces & Flails
  1335 | D:2      | Reached XP level 5. HP: 25/28 MP: 6/6
  1648 | D:2      | Found a white marble altar of Elyvilon.
  1648 | D:2      | Found a faded altar of an unknown god.
  1655 | D:2      | Found a hide-covered altar of Uskayaw.
  1657 | D:2      | Found a faded altar of an unknown god.
  1659 | D:2      | Found a hazy altar of Hepliaklqana.
  1669 | D:2      | Became a worshipper of Hepliaklqana the Forgotten
  1731 | D:3      | Noticed Sigmund
  1739 | D:3      | Killed Sigmund
  1739 | D:3      | Reached skill level 3 in Maces & Flails
  1739 | D:3      | Reached XP level 6. HP: 29/29 MP: 7/7
  2001 | D:3      | Found a stormy altar of Qazlal.
  2004 | D:3      | Noticed a water elemental
  2005 | D:3      | Noticed an air elemental
  2005 | D:3      | Noticed a fire elemental
  2012 | D:3      | Noticed Grinder
  2014 | D:3      | Paralysed by Grinder for 3 turns
  2028 | D:3      | Paralysed by Grinder for 7 turns
  2044 | D:3      | Killed Grinder
  2044 | D:3      | Reached skill level 4 in Maces & Flails
  2044 | D:3      | Reached XP level 7. HP: 28/33 MP: 8/8
  2535 | D:4      | Reached * piety under Hepliaklqana
  2589 | D:4      | Found Onuulial's Antique Weapon Shoppe.
  2807 | D:4      | Found a staircase to the Ecumenical Temple.
  2882 | Temple   | Entered the Ecumenical Temple
  3294 | D:5      | Entered Level 5 of the Dungeon
  3311 | D:5      | Reached skill level 5 in Maces & Flails
  3368 | D:5      | Found a shadowy altar of Dithmenos.
  3470 | D:5      | Reached ** piety under Hepliaklqana
  3471 | D:5      | Remembered your ancestor Lucius as a battlemage
  3476 | D:5      | Noticed ultrashaft's ghost (novice DDFi)
  3509 | D:6      | Gained mutation: You have razor-sharp teeth. [Vine Stalker growth]
  3509 | D:6      | Reached XP level 8. HP: 37/37 MP: 9/9
  3515 | D:6      | Reached skill level 5 in Shields
  3516 | D:6      | Reached skill level 5 in Fighting
  3539 | D:6      | Reached skill level 6 in Maces & Flails
  3785 | D:6      | Reached skill level 7 in Maces & Flails
  3785 | D:6      | Reached XP level 9. HP: 22/43 MP: 7/10
  4041 | D:6      | Found a bloodstained altar of Trog.
  4189 | D:6      | Found a glowing drain.
  4198 | Sewer    | Entered a sewer
  4895 | D:7      | Noticed Pikel
  4907 | D:6      | Killed Pikel
  4907 | D:6      | Reached skill level 8 in Maces & Flails
  4979 | D:7      | Reached *** piety under Hepliaklqana
  5002 | D:7      | Found a glowing silver altar of Zin.
  5193 | D:7      | Identified a +0 rod of shadows (14/14) (You found it on level 7 of the Dungeon)
  5249 | D:7      | Reached XP level 10. HP: 38/49 MP: 11/11
  5262 | D:7      | Reached skill level 9 in Maces & Flails
  5815 | D:8      | Noticed Prince Ribbit
  5820 | D:8      | Found a shattered altar of Ashenzari.
  5832 | D:8      | Killed Prince Ribbit
  5996 | D:8      | Found a sacrificial altar of Ru.
  6042 | D:8      | Reached **** piety under Hepliaklqana
  6203 | D:8      | Noticed a cyclops
  6231 | D:8      | Killed a cyclops
  6350 | D:8      | Reached skill level 10 in Maces & Flails
  6543 | D:8      | Found a sacrificial altar of Ru.
  6544 | D:8      | Noticed a deep elf mage
  6545 | D:8      | Killed from afar by a deep elf mage

Vault maps used:
D:1:      lemuel_arrival_funnel, minmay_pentomino_z2
D:2:      chequers_temple_overflow_minitemple, minmay_misc_feat_room,
          minivault_26, minmay_liquid_box
D:3:      nicolae_qazlal_style_of_elements, uniq_sigmund, uniq_grinder
D:4:      cheibrodos_helix_gallery, serial_shops, kennysheep_mini, hex_tiny
D:5:      kennysheep_mini_moat, grunt_dithmenos_shadows, first_bread
D:6:      portal_sewer_entry_b, trog_ov_bears_minmay
D:7:      kennysheep_little_box, grunt_livestock, minmay_misc_feat_rugged,
          uniq_pikel
D:8:      lemuel_doored_altar, nicolae_ru_sacrificial_ziggurat,
          david_defended_altar_elf, uniq_prince_ribbit1
Temple:   zaba_magenta_temple
Sewer:    sewer_minmay_treatment

Skill      XL: |  1  2  3  4  5  6  7  8  9 10 |
---------------+-------------------------------+-----
Short Blades   | 2 |  2.0
Shields        | 3 4 5 6 7 |  7.7
Maces & Flails | 1 2 3 4 5 7 8 10 | 10.0
Fighting       | 3 4 5 7 |  7.8
Armour         | |  2.4

Action                   |  1- 3 |  4- 6 |  7- 9 | 10-12 || total
-------------------------+-------+-------+-------+-------++-------
Melee: Rapier            |    13 |       |       |       ||    13
       Bite              |    22 |    41 |   119 |    46 ||   228
       Whip              |    57 |   143 |   351 |   111 ||   662
       Dagger            |       |       |     3 |       ||     3
Invok: Recall Ancestor   |       |       |     1 |       ||     1
       Ancestor Life: Ba |       |       |     1 |       ||     1
       Transference      |       |       |       |     1 ||     1
Evoke: Wand              |       |       |     3 |       ||     3
  Use: Potion            |       |     1 |       |       ||     1
       Scroll            |       |       |    11 |       ||    11
 Stab: Distracted        |       |       |     1 |       ||     1
  Eat: Chunk             |       |     4 |    10 |     5 ||    19
Armor: Scale mail        |    29 |    56 |    34 |       ||   119
       Chain mail        |       |       |    52 |    21 ||    73
Dodge: Dodged            |    19 |    35 |    62 |    10 ||   126
Block: Shield            |    18 |    71 |   184 |    51 ||   324
       Buckler           |    10 |       |       |       ||    10
